 Dungeon Crawl Stone Soup version 0.19.1-1-g22dce08 (webtiles) character file.

2254 markt42 the Basher (level 9, -9/54 HPs)
             Began as a Gargoyle Fighter on Jan 1, 2017.
             Was an Initiate of Okawaru.
             Mangled by a hill giant
             ... wielding a cursed +0 giant spiked club
              (18 damage)
             ... on level 8 of the Dungeon.
             The game lasted 00:08:36 (7051 turns).

markt42 the Basher (Gargoyle Fighter)               Turns: 7051, Time: 00:08:37

Health: -9/54      AC: 20    Str: 20 (22) XL:     9   Next: 37%
Magic:  9/9        EV:  5    Int:  7 (9)  God:    Okawaru [......]
Gold:   482        SH: 10    Dex: 14 (15) Spells: 0 memorised, 8 levels left

rFire  . . .     SeeInvis .     a - +1 flail
rCold  . . .     Gourm    .     G - +1 plate armour
rNeg   + . .     Faith    .     c - +0 shield
rPois  ∞         Spirit   .     (no helmet)
rElec  +         Reflect  .     (no cloak)
rCorr  .         Harm     .     I - +0 pair of gloves
MR     .....                    (no boots)
Stlth  ..........               N - amulet of regeneration
                                s - +4 ring of slaying
                                o - +5 ring of dexterity

@: no status effects
A: negative energy resistance 1, electricity resistance, unbreathing,
petrification resistance, rot immunity, AC +5
a: Renounce Religion


You were on level 8 of the Dungeon.
You worshipped Okawaru.
Okawaru was noncommittal.
You were not hungry.

You visited 2 branches of the dungeon, and saw 9 of its levels.
You also visited: Ossuary.

You collected 482 gold pieces.

Inventory:

Hand Weapons
 a - a +1 flail (weapon)
Armour
 c - a +0 shield (worn)
 G - a +1 plate armour (worn)
 I - a +0 pair of gloves (worn)
Jewellery
 o - a +5 ring of dexterity (left hand)
 s - a +4 ring of slaying (right hand)
 E - a +2 ring of protection
 N - an amulet of regeneration (around neck)
 O - an uncursed ring of protection from magic
Wands
 n - a wand of flame (34/48)
 C - a wand of paralysis (10/24)
 K - a wand of disintegration (24/24)
 M - a wand of confusion (27/48)
Scrolls
 g - 3 scrolls of enchant weapon
 j - 4 scrolls of enchant armour
 k - 9 scrolls of identify
 r - 2 scrolls of remove curse
 v - a scroll of teleportation
 x - a scroll of amnesia
Potions
 b - a potion of lignification
 e - 2 potions of resistance
 h - 3 potions of cancellation
 q - a potion of flight
 z - a potion of agility
 H - 2 potions of ambrosia
Comestibles
 d - a beef jerky
 f - 2 bread rations
 A - 4 meat rations


   Skills:
 + Level 5.4 Fighting
 * Level 9.9 Maces & Flails
 + Level 5.3 Armour
 + Level 1.2 Dodging
 + Level 5.9 Shields


You had 8 spell levels left.
You didn't know any spells.

Dungeon Overview and Level Annotations

Branches:
Dungeon (8/15)             Temple (1/1) D:7            Lair (0/6) D:8

Altars:
Ashenzari
Cheibriados
Dithmenos
Elyvilon
Fedhas
Gozag
Hepliaklqana
Nemelex Xobeh
Okawaru
Qazlal
Ru
Sif Muna
Trog
Uskayaw
Vehumet
Xom
Yredelemnul
Zin
The Shining One

Shops:
D:3 *   D:7 !

Annotations:
D:8 Psyche


Innate Abilities, Weirdness & Mutations

You are resistant to torment.
Your stone body is resilient. (AC +5)
You are immune to poison.
You resist negative energy. (rN+)
You are resistant to electric shocks. (rElec)
You can survive without breathing.
You are immune to petrification.
You are immune to rotting.


Message History

The hill giant barely misses you.
You sock the hill giant!
The hill giant is heavily wounded.
You sock the hill giant!
The hill giant is severely wounded.
The hill giant hits you with a giant spiked club!
You sock the hill giant!
The hill giant is severely wounded.
The hill giant hits you with a giant spiked club!!
* * * LOW HITPOINT WARNING * * *
You are too injured to fight recklessly!
You are too injured to fight recklessly!
Unknown command.
You feel better. The hill giant barely misses you.
You hit the hill giant.
The hill giant is almost dead.
You hit the hill giant.
The hill giant is almost dead.
The hill giant hits you with a giant spiked club!!
You die...

##### #...# #...#
#...# ##...# ###
####....## ##.#
........O# ##..#
...C...#C# #...#
.......#@# #.#.#
..##...#.## ###.#.####
. .....#..#
#..........
..#.$.##.###..##.####.
..#......%.....##.#
>......###$###.##..
#... #.....# ..# #.#
###.... # #. .>..#


You could see a hill giant and an ogre.

Vanquished Creatures
  The ghost of markt42 the Cudgeler, a novice GrFi of Okawaru (D:5)
  An orc warrior (D:5)
  An ogre (D:5)
  A centaur (D:6)
  An elf zombie (Ossuary)
  3 bullfrogs
  3 scorpions
  3 wights (D:7)
  2 howler monkeys
  5 crimson imps
  A centaur zombie (D:5)
  2 hounds (D:7)
  A quasit (D:5)
  2 gnoll shamans
  4 iguanas
  4 orc wizards
  4 worker ants
  2 big kobold zombies (Ossuary)
  A hound zombie (D:3)
  2 hound skeletons (D:5)
  5 mummies
  5 adders
  14 gnolls
  A shadow imp (D:5)
  2 adder zombies
  4 adder skeletons
  5 worms
  2 dart slugs
  4 leopard geckos
  16 orcs
  10 bats
  4 giant cockroaches
  8 goblins
  7 hobgoblins
  17 jackals
  3 quokkas
  A ball python (D:3)
  5 frilled lizards
  2 hobgoblin zombies (Ossuary)
  A jackal skeleton (D:5)
  2 jackal zombies
  10 kobolds
  A kobold zombie (Ossuary)
  3 leopard gecko zombies
  3 orc zombies (Ossuary)
  2 quokka skeletons
  8 rats
  A rat zombie (Ossuary)
190 creatures vanquished.

Notes
Turn   | Place    | Note
-------+----------+-------------------------------------------
     0 | D:1      | markt42 the Gargoyle Fighter began the quest for the Orb.
     0 | D:1      | Reached XP level 1. HP: 14/14 MP: 1/1
   139 | D:1      | Reached XP level 2. HP: 17/19 MP: 2/2
   299 | D:1      | Reached XP level 3. HP: 15/24 MP: 3/3
  1143 | D:2      | Reached skill level 3 in Maces & Flails
  1143 | D:2      | Reached XP level 4. HP: 29/29 MP: 4/4
  1692 | D:3      | Found an opulent altar of Gozag.
  1704 | D:3      | Found Gozag's Platinum Reserve.
  1983 | D:3      | Reached XP level 5. HP: 33/33 MP: 5/5
  2052 | D:3      | Reached skill level 4 in Maces & Flails
  2155 | D:3      | Found a glowing golden altar of the Shining One.
  2577 | D:4      | Reached XP level 6. HP: 34/38 MP: 6/6
  2632 | D:4      | Found a sand-covered staircase.
  2640 | Ossuary  | Entered an ossuary
  2680 | Ossuary  | Reached skill level 5 in Maces & Flails
  3011 | Ossuary  | Reached skill level 1 in Dodging
  3323 | D:4      | Reached XP level 7. HP: 43/43 MP: 7/7
  3349 | D:4      | Found a bloodstained altar of Trog.
  3372 | D:4      | Found a sparkling altar of Nemelex Xobeh.
  3497 | D:5      | Entered Level 5 of the Dungeon
  3508 | D:5      | Reached skill level 6 in Maces & Flails
  4014 | D:5      | Reached XP level 8. HP: 46/48 MP: 8/8
  4017 | D:5      | Reached skill level 7 in Maces & Flails
  4020 | D:5      | Noticed markt42's ghost (novice GrFi)
  4034 | D:5      | Killed markt42's ghost
  4034 | D:5      | Reached skill level 5 in Shields
  4318 | D:5      | Found a sacrificial altar of Ru.
  4528 | D:5      | Found a hide-covered altar of Uskayaw.
  4639 | D:5      | Reached skill level 8 in Maces & Flails
  4765 | D:5      | Reached skill level 5 in Armour
  5244 | D:6      | Reached skill level 5 in Fighting
  5356 | D:6      | Reached skill level 9 in Maces & Flails
  5410 | D:6      | Reached XP level 9. HP: 46/54 MP: 9/9
  5701 | D:7      | Found Huet's Distillery.
  5866 | D:7      | Found a staircase to the Ecumenical Temple.
  5887 | Temple   | Entered the Ecumenical Temple
  6038 | Temple   | Became a worshipper of Warmaster Okawaru
  6600 | D:7      | Found a faded altar of an unknown god.
  6600 | D:7      | Found a faded altar of an unknown god.
  6605 | D:7      | Found a faded altar of an unknown god.
  6608 | D:7      | Found a deep blue altar of Sif Muna.
  6609 | D:7      | Found a faded altar of an unknown god.
  6866 | D:8      | Noticed Psyche
  6869 | D:8      | Paralysed by Psyche for 6 turns
  6880 | D:8      | Paralysed by something for 7 turns
  6881 | D:8      | Found a staircase to the Lair.
  7035 | D:8      | Noticed a hill giant
  7048 | D:8      | HP: 1/54 [hill giant/giant spiked club (24)]
  7051 | D:8      | Mangled by a hill giant

Skill      XL: |  1  2  3  4  5  6  7  8 |
---------------+-------------------------+-----
Maces & Flails | 3 4 5 6 9 |  9.9
Shields        | 4 5 |  5.9
Fighting       | 4 5 |  5.4
Armour         | 4 5 |  5.3
Dodging        | 1 |  1.2

Action                   |  1- 3 |  4- 6 |  7- 9 || total
-------------------------+-------+-------+-------++-------
Melee: Flail             |   145 |   252 |   311 ||   708
  Use: Scroll            |     4 |       |    11 ||    15
       Potion            |       |     1 |    16 ||    17
  Eat: Chunk             |       |     9 |     9 ||    18
       Royal jelly       |       |       |     1 ||     1
       Fruit             |       |       |     1 ||     1
Armor: Scale mail        |    69 |       |       ||    69
       Chain mail        |    41 |   296 |    15 ||   352
       Plate armour      |       |       |   139 ||   139
Dodge: Dodged            |    61 |   113 |    45 ||   219
Block: Shield            |   101 |   197 |   154 ||   452
